Map: Jagannatha LE

Players

ShoWTimE

  • Race: Protoss Protoss
  • League: Master
  • Spawn Location: 7:00

Serral - Winner!

  • Race: Zerg Zerg
  • League: Grandmaster
  • Spawn Location: 1:00

Event: ASUS ROG Online 2020

VOD

https://youtu.be/_tKrxlE21ps

Description

Time

  • Played on: Nov. 28, 2020, 2:13 p.m.
  • Length: 12:54

All games in this series

Show
View Real Time Build Order
Export as new Build Order

ShoWTimE Protoss 

Build Orders: 1 Gate Expand, Archon Immortal 

Get SALT Encoding   

  12  0:00  Probe  
  13  0:12  Probe  
  14  0:19  Pylon  
  14  0:24  Probe  
  15  0:37  Probe (Chrono Boost)  
  15  0:38  Gateway  
  16  0:46  Assimilator, Probe (Chrono Boost)  
  17  0:51  Probe  
  18  1:03  Probe  
  19  1:15  Probe  
  20  1:25  Nexus  
  20  1:27  Probe  
  21  1:38  Cybernetics Core  
  21  1:44  Assimilator  
  21  1:46  Probe  
  22  1:52  Pylon  
  22  1:58  Probe  
  23  2:11  Adept (Chrono Boost), Probe (Chrono Boost)  
  26  2:16  Stargate  
  26  2:21  Probe (Chrono Boost)  
  27  2:23  Warp Gate  
  27  2:27  Probe (Chrono Boost)  
  28  2:34  Adept  
  31  2:37  Probe (Chrono Boost)  
  32  2:45  Probe (Chrono Boost)  
  32  2:46  Probe (Chrono Boost)  
  33  2:52  Probe x2  
  33  2:53  Void Ray (Chrono Boost)  
  35  3:04  Probe x2  
  41  3:09  Pylon  
  41  3:16  Probe x2  
  41  3:18  Gateway  
  43  3:28  Probe  
  43  3:29  Probe  
  48  3:37  Twilight Council  
  48  3:40  Probe  
  46  3:41  Probe  
  46  3:44  Gateway  
  46  3:47  Gateway  
  47  3:50  Gateway  
  47  3:53  Probe x2  
  49  3:56  Assimilator  
  49  4:00  Pylon  
  49  4:06  Probe  
  50  4:10  Resonating Glaives (Chrono Boost)  
  50  4:12  Adept x2  
  54  4:21  Pylon  
  54  4:30  Nexus  
  54  4:39  Pylon  
  54  4:44  Adept x4  
  62  4:46  Adept  
  62  4:51  Probe x2  
  66  5:05  Adept x4  
  74  5:10  Adept  
  76  5:16  Pylon  
  76  5:18  Robotics Facility  
  76  5:21  Assimilator, Probe x2  
  78  5:34  Probe x2  
  80  5:36  Adept x3  
  80  5:42  Probe  
  83  5:46  Probe x2  
  79  5:54  Probe  
  78  5:57  Robotics Facility  
  78  5:58  Probe x2  
  78  6:00  Sentry x3  
  80  6:06  Probe  
  80  6:10  Immortal (Chrono Boost), Probe x2  
  73  6:18  Probe  
  73  6:20  Sentry  
  73  6:22  Probe x2  
  78  6:26  Shield Battery  
  78  6:31  Probe  
  78  6:32  Forge  
  79  6:34  Probe x2  
  79  6:37  Assimilator  
  79  6:38  Pylon  
  79  6:39  Assimilator  
  85  6:43  Probe  
  85  6:46  Immortal (Chrono Boost)  
  90  6:48  Shield Battery  
  90  6:49  Adept, Immortal (Chrono Boost)  
  90  6:51  Adept  
  93  6:55  Adept  
  93  6:56  Adept  
  93  7:01  Probe x2  
  98  7:02  Probe  
  99  7:08  Protoss Ground Weapons Level 1 (Chrono Boost)  
  99  7:11  Immortal (Chrono Boost)  
  99  7:13  Probe  
  104  7:29  Pylon  
  104  7:30  Gateway  
  104  7:31  Gateway  
  104  7:33  Gateway, Immortal (Chrono Boost)  
  108  7:40  Templar Archives  
  108  7:46  Observer (Chrono Boost)  
  108  7:47  Phoenix (Chrono Boost)  
  108  7:50  Pylon  
  111  7:51  Photon Cannon  
  111  7:52  Pylon  
  111  7:54  Shield Battery, Pylon  
  111  7:56  Pylon  
  111  7:59  Photon Cannon  
  111  8:03  Phoenix (Chrono Boost)  
  113  8:11  Pylon  
  113  8:12  Photon Cannon  
  113  8:17  Photon Cannon  
  113  8:21  High Templar x4  
  113  8:24  Archon  
  113  8:25  Archon  
  121  8:29  Phoenix (Chrono Boost)  
  121  8:31  Zealot x3  
  129  8:37  Pylon  
  129  8:38  Probe  
  129  8:40  Probe  
  128  8:47  High Templar  
  128  8:48  Probe  
  126  8:51  Phoenix (Chrono Boost)  
  126  8:55  High Templar  
  130  8:59  Shield Battery  
  130  9:00  Archon  
  130  9:02  Stalker x4  
  138  9:09  Warp Prism (Chrono Boost)  
  132  9:10  Zealot x2  
  132  9:14  Phoenix (Chrono Boost)  
  140  9:29  Pylon  
  140  9:30  Protoss Ground Weapons Level 2 (Chrono Boost)  
  140  9:31  Phoenix (Chrono Boost)  
  140  9:36  Probe  
  143  9:41  Pylon  
  143  9:47  Nexus  
  143  9:48  High Templar x2  
  143  9:49  Pylon  
  143  9:51  Phoenix  
  143  9:52  Archon  
  149  9:55  Probe x2  
  149  9:56  Probe  
  149  10:06  Zealot x6  
  161  10:07  Probe x2  
  157  10:15  Phoenix (Chrono Boost)  
  149  10:28  Nexus  
  149  10:29  High Templar x2  
  149  10:31  Observer (Chrono Boost)  
  149  10:33  Archon  
  149  10:34  Zealot x4  
  162  10:40  Pylon  
  162  10:44  Photon Cannon  
  162  10:46  High Templar x2  
  166  10:50  Archon  
  166  10:55  Stalker x3  
  170  11:01  Zealot x2  
  174  11:08  Zealot  
  174  11:11  Charge (Chrono Boost)  
  176  11:18  Probe x2  
  176  11:19  Probe  
  176  11:22  High Templar  
  176  11:23  High Templar  
  179  11:27  Archon  
  177  11:36  Stalker x2  
  177  11:39  Pylon  
  181  11:41  Assimilator, Pylon  
  181  11:42  Assimilator  
  181  11:43  Stalker x4  
  188  11:49  Warp Prism (Chrono Boost)  
  163  12:03  Zealot x3, High Templar  
  163  12:06  High Templar  
  163  12:11  Archon  
  162  12:20  Zealot x3  
  166  12:27  Zealot x3  
  130  12:41  Zealot x3  
  130  12:42  Zealot x2  
Show
View Real Time Build Order
Export as new Build Order

Serral Zerg - Winner!

Build Orders: Hatch First, Muta Ling Bane 

Get SALT Encoding   

  12  0:00  Drone  
  13  0:12  Overlord  
  13  0:16  Drone  
  14  0:30  Drone x2  
  16  0:47  Hatchery  
  15  0:51  Drone  
  15  0:54  Drone  
  17  0:57  Drone  
  18  1:08  Extractor  
  17  1:13  Spawning Pool  
  17  1:16  Drone  
  17  1:20  Drone  
  18  1:27  Drone  
  19  1:38  Drone  
  20  1:48  Overlord  
  20  1:59  Queen x2  
  20  2:00  Zergling x4  
  26  2:10  Drone x2  
  26  2:11  Metabolic Boost  
  28  2:21  Drone x2  
  30  2:34  Hatchery  
  29  2:37  Drone  
  29  2:42  Drone  
  31  2:46  Queen  
  33  2:52  Overlord  
  33  2:54  Drone  
  33  2:57  Drone  
  35  2:58  Zergling x2  
  35  3:10  Zergling x2  
  35  3:11  Overlord, Drone x3  
  39  3:16  Drone  
  39  3:19  Spore Crawler  
  40  3:20  Drone  
  40  3:25  Queen  
  43  3:29  Overlord  
  43  3:32  Drone  
  44  3:47  Overlord, Drone x3  
  44  3:48  Queen  
  47  3:49  Drone x3  
  47  3:52  Spore Crawler  
  47  3:55  Zergling x2  
  52  3:56  Drone x2  
  52  3:58  Drone  
  52  4:00  Drone  
  56  4:04  Spore Crawler  
  56  4:06  Spore Crawler  
  56  4:07  Drone  
  56  4:09  Drone  
  56  4:12  Drone x2  
  56  4:16  Zergling x2  
  59  4:22  Roach Warren  
  59  4:23  Lair  
  58  4:25  Extractor  
  58  4:26  Drone  
  58  4:27  Extractor, Drone  
  58  4:30  Drone x2  
  59  4:32  Drone  
  59  4:36  Queen  
  59  4:38  Drone  
  63  4:40  Zergling x2  
  63  4:43  Overlord  
  63  4:44  Drone  
  64  4:49  Drone  
  64  4:51  Evolution Chamber  
  64  4:53  Zergling x2  
  64  4:57  Overlord  
  65  5:00  Overlord  
  65  5:02  Drone x2  
  65  5:03  Drone  
  65  5:05  Overlord  
  68  5:08  Overlord  
  68  5:09  Roach x2  
  72  5:14  Roach  
  72  5:16  Roach x2  
  78  5:22  Glial Reconstitution  
  78  5:24  Drone  
  78  5:25  Roach  
  78  5:27  Roach  
  78  5:28  Roach  
  85  5:30  Extractor, Drone  
  85  5:32  Evolution Chamber  
  85  5:33  Drone  
  85  5:34  Drone  
  86  5:40  Zergling x8  
  86  5:49  Zergling x12  
  85  5:53  Drone  
  80  5:58  Drone  
  80  6:01  Drone  
  81  6:10  Drone x4  
  81  6:12  Drone x2  
  82  6:19  Drone x2  
  84  6:27  Drone x3  
  84  6:28  Overseer  
  84  6:29  Spire  
  86  6:33  Drone  
  86  6:35  Extractor  
  86  6:36  Extractor, Zerg Melee Weapons Level 1  
  86  6:37  Drone  
  86  6:38  Drone  
  87  6:43  Drone  
  88  6:47  Drone  
  88  6:48  Drone  
  88  6:52  Drone x7  
  95  6:54  Drone  
  95  6:58  Overlord  
  95  7:03  Drone x3  
  95  7:07  Overlord  
  96  7:14  Zergling x2  
  95  7:19  Drone  
  95  7:20  Hatchery  
  95  7:29  Overlord  
  95  7:30  Zergling x6  
  98  7:44  Mutalisk  
  98  7:45  Mutalisk x7  
  114  7:54  Mutalisk x4  
  122  8:00  Baneling Nest  
  122  8:04  Roach x4  
  129  8:10  Zerg Flyer Weapons Level 1  
  129  8:12  Overlord x3  
  129  8:14  Overlord  
  129  8:15  Overlord  
  129  8:22  Overlord  
  129  8:29  Overlord  
  129  8:32  Drone x7  
  129  8:33  Drone  
  129  8:34  Zerg Melee Weapons Level 2  
  137  8:40  Mutalisk x3  
  140  8:45  Roach  
  140  8:46  Roach x7  
  144  8:50  Roach x3  
  144  8:55  Roach x2  
  154  8:56  Roach  
  154  9:02  Zergling x6  
  159  9:09  Zergling x6  
  162  9:11  Overlord, Centrifical Hooks  
  162  9:13  Overlord  
  162  9:14  Zergling x12  
  168  9:19  Ravager  
  168  9:20  Ravager x2  
  171  9:26  Hydralisk Den, Drone  
  171  9:27  Drone x2  
  171  9:28  Zergling x2, Drone x2  
  171  9:29  Zergling x4  
  171  9:30  Baneling x4  
  177  9:38  Zergling x6  
  181  9:45  Zergling x10  
  181  9:46  Zergling x14  
  181  9:48  Baneling x6  
  192  9:53  Hatchery  
  192  9:59  Muscular Augments  
  191  10:05  Zergling x12  
  171  10:15  Zergling x26  
  178  10:26  Hydralisk x6  
  188  10:30  Baneling x9  
  188  10:34  Extractor  
  187  10:36  Pneumatized Carapace  
  187  10:41  Drone x3  
  187  10:42  Hydralisk x2, Drone  
  195  10:44  Drone x5  
  195  10:47  Baneling x3  
  200  10:52  Baneling  
  200  10:53  Baneling x3  
  200  10:56  Hydralisk  
  200  11:01  Baneling x6  
  200  11:02  Baneling x2  
  200  11:03  Zergling x4  
  200  11:10  Baneling x10  
  199  11:22  Baneling x9  
  196  11:27  Overlord  
  196  11:28  Overlord  
  196  11:29  Grooved Spines  
  196  11:32  Zergling x8  
  198  11:41  Baneling x7  
  198  11:46  Zergling x4  
  193  11:55  Zergling x14  
  189  12:01  Zergling x22  
  189  12:07  Zergling x8  
  189  12:08  Zergling x6  
  199  12:14  Infestation Pit  
  193  12:17  Baneling x12  
  193  12:18  Hydralisk x5  
  196  12:25  Baneling x7  
  193  12:30  Zergling x20  
  193  12:37  Zergling x30  
Tags
 
Add a new tag
Caveats
  • Supply blocks, unpowered buildings, or Contaminate may cause inaccurate times.
  • Supply counts are checked every 10 seconds.